 Dungeon Crawl Stone Soup version 0.28-a0-1182-g381e24db82 (webtiles) character file.

Game seed: 13185303834787650708

14 spaghetti the Shield-Bearer (level 2, -2/25 HPs)
             Began as a Demigod Fighter on Dec 16, 2021.
             Slain by a worm (5 damage)
             ... on level 2 of the Dungeon.
             The game lasted 00:01:28 (969 turns).

spaghetti the Shield-Bearer (Demigod Fighter)        Turns: 969, Time: 00:01:29

Health: -2/25      AC:  6    Str: 17    XL:     2   Next: 18%
Magic:  4/4        EV:  9    Int: 10    God:
Gold:   0          SH:  5    Dex: 13    Spells: 1/1 levels left

rFire   . . .      SeeInvis .     - Unarmed
rCold   . . .      Faith    .   b - +0 buckler
rNeg    . . .      Spirit   .   a - +0 scale mail
rPois   .          Reflect  .   (no helmet)
rElec   .          Harm     .   (no cloak)
rCorr   .          Rampage  .   (no gloves)
Will    .....                   (no boots)
Stlth   ..........              (no amulet)
HPRegen 0.08/turn               (no ring)
MPRegen 0.09/turn               (no ring)

@: no status effects
A: high mp 1, forlorn, divine attributes
a: no special abilities


You were on level 2 of the Dungeon.
You visited 1 branch of the dungeon, and saw 4 of its levels.


Innate Abilities, Weirdness & Mutations

You have an increased reservoir of magic. (+10% MP)
You shall have no god before yourself.
Your divine heritage dramatically boosts your attributes as you level up.


   Skills:
 - Level 2.6 Fighting
 - Level 2.6 Armour
 + Level 3.4 Shields
 - Level 1.7 Unarmed Combat


You had one spell level left.
You didn't know any spells.
Your spell library was empty.

Inventory:

Hand Weapons
 f - a +0 quarterstaff {staff}
   (You found it on level 2 of the Dungeon)
 h - a +0 quarterstaff {staff}
   (You found it on level 3 of the Dungeon)
Missiles
 d - 13 bolts
 g - 29 arrows
Armour
 a - a +0 scale mail (worn)
 b - a +0 buckler (worn)
Scrolls
 e - a scroll of identify {unknown}
 i - a scroll of noise {unknown}
Potions
 c - a potion of might

Dungeon Overview and Level Annotations

Branches:
Dungeon (4/15)
 Temple: D:4-7

##.## #Z# #.#
##.## #...#
#.K.# #...#
#####gw.#####
#....@......#
.......Jl.......
###...........#.
#####..<#####
#...# #...#
#...# ##.##


You could see a worm, an iguana, an endoplasm, a goblin, a kobold and an adder
skeleton.


Message History

Found a scroll labelled UBIWAOT VAIWU.
Found a stone staircase leading down.
The endoplasm quivers.
There are monsters nearby!
There are monsters nearby!
You hit the worm but do no damage. You block the endoplasm's attack.
You hit the worm but do no damage. You block the worm's attack.
The endoplasm closely misses you.
You hit the worm. The endoplasm barely misses you.
You hit the worm. The worm bites you! The endoplasm freezes you.
You are frozen. 😮 HP[-10]
You take 10 damage, and now have 15/25 hp.
MASSIVE DAMAGE!! (PAUSE)
The endoplasm closely misses you.
You see here a scroll labelled UBIWAOT VAIWU.
i - a scroll labelled UBIWAOT VAIWU The endoplasm freezes you.
You are frozen.
There is a stone staircase leading down here. 😮 HP[-1]
You take 1 damage, and now have 14/25 hp.
The endoplasm hits you but does no damage.
You climb downwards.
Found a stone staircase leading up.
There is a stone staircase leading up here.
Unknown command.
Unknown command.
Unknown command.
You hit the endoplasm but do no damage. You block the endoplasm's attack.
The endoplasm barely misses you.
You hit the endoplasm.
The endoplasm hits you but does no damage.
You hit the endoplasm but do no damage. You block the endoplasm's attack.
You hit the endoplasm. You block the endoplasm's attack.
You hit the endoplasm.
You kill the endoplasm!
You start resting. 😎 HP[+11]
Your hp is fully restored (25).
(D) Dungeon
Where to? (? - help)
There is a stone staircase leading up here.
You climb upwards.
The worm bites you but does no damage.
There is a stone staircase leading down here.
Unknown command.
Unknown command.
Unknown command.
You barely miss the worm. The worm bites you. 😕 HP[-6]
You take 6 damage, and now have 19/25 hp.
MASSIVE DAMAGE!! (PAUSE)
You barely miss the worm. You hit the worm. The worm closely misses you.
You hit the worm but do no damage. The worm closely misses you.
You hit the worm but do no damage. You barely miss the worm.
The worm bites you but does no damage.
You hit the worm. You hit the worm. The worm barely misses you.
You barely miss the worm. The worm closely misses you. 😕 HP[+1]
You hit the worm but do no damage.
Okay, then.
You can't wield that with a shield.
You hit the worm. The worm bites you. 😮 HP[-5]
You take 5 damage, and now have 15/25 hp.
You hit the worm but do no damage. The worm closely misses you.
Your scale mail prevents you from hitting the worm.
You hit the worm but do no damage. The worm bites you!
* * * LOW HITPOINT WARNING * * *
😨 HP[-7]
You take 7 damage, and now have 8/25 hp.
MASSIVE DAMAGE!! (PAUSE)
You can't wield that with a shield.
You hit the worm.
You can't wield that with a shield.
Unknown command.
You aren't carrying any items that you can evoke.
Okay, then. 😨 HP[+1]
A worm comes into view.
An endoplasm comes into view.
The endoplasm quivers.
The endoplasm freezes you.
You are frozen.
* * * LOW HITPOINT WARNING * * *
😱 HP[-5]
You take 5 damage, and now have 4/25 hp.
The endoplasm closely misses you. 😱 HP[+1]
Okay, then. 😱 HP[+1]
There is a stone staircase leading up here.
The endoplasm freezes you.
You are frozen.
* * * LOW HITPOINT WARNING * * *
You climb upwards.
You block the iguana's attack. The goblin hits you but does no damage.
The worm bites you.
You die...

Skill      XL: |  1 |
---------------+----+-----
Shields        | 3 |  3.4
Fighting       | |  2.6
Armour         | |  2.6
Unarmed Combat | |  1.7

Action                   || total
-------------------------++-------
Melee: Unarmed           ||    56
Armor: Scale mail        ||    35
Dodge: Dodged            ||    40
Block: Buckler           ||    15

Levels and vault maps discovered:
D:1:      minmay_arrival_four_circles, layout_loops_corners
D:2:      layout_loops_cross, serial_undead, serial_undead_e, serial_undead_c,
          serial_undead_b, serial_undead_a
D:3:      layout_basic, mainiacjoe_overflow_catwalk,
          hellmonk_ecumenical_altar_prayer_group, uniq_ijyb, uniq_robin
D:4:      layout_rooms, serial_curves, eino_curves_02, eino_curves_01

Notes
Turn   | Place    | Note
-------+----------+-------------------------------------------
     0 | D:1      | spaghetti the Demigod Fighter began the quest for the Orb.
     0 | D:1      | Reached XP level 1. HP: 18/18 MP: 3/3
     0 | D:1      | magus.rc [v1.9.6]
   451 | D:2      | Noticed an iguana
   480 | D:3      | Reached skill level 3 in Shields
   645 | D:3      | Reached XP level 2. HP: 17/25 MP: 4/4
   942 | D:3      | HP: 4/25 [frozen (5)]
   968 | D:3      | HP: 3/25 [frozen (3)]
   969 | D:2      | Slain by a worm

Vanquished Creatures
  An adder (D:3)
  2 endoplasms
  A kobold (D:1)
  A quokka (D:3)
5 creatures vanquished.

Table legend:
 A = Non-vault XP
 B = Vault XP
 C = Vault XP percentage of total XP
 D = Non-vault monster count
 E = Vault monster count
 F = Vault count percentage of total count
                 A         B        C        D         E       F
            +---------+---------+-------+---------+---------+-------
      Total |      21 |       0 |   0.0 |       5 |       0 |   0.0
            +---------+---------+-------+---------+---------+-------
        D:1 |       4 |       0 |   0.0 |       2 |       0 |   0.0
        D:3 |      15 |       0 |   0.0 |       2 |       0 |   0.0
        D:4 |       2 |       0 |   0.0 |       1 |       0 |   0.0
            +---------+---------+-------+---------+---------+-------

Illustrated notes

Table legend:
 A = Kills in this place as a percentage of kills in entire the game.
 B = Kills by you in this place as a percentage of kills by you in the entire game.
 C = Kills by friends in this place as a percentage of kills by friends in the entire game.
 D = Other kills in this place as a percentage of other kills in the entire game.
 E = Experience gained in this place as a percentage of experience gained in the entire game.
 F = Experience gained in this place divided by the number of levels of this place that you have seen.
                   A       B       C       D       E      F
               +-------+-------+-------+-------+-------+----------------------
         Total | 100.0 | 100.0 |   N/A |   N/A | 100.0 |   5.2
       Dungeon | 100.0 | 100.0 |   N/A |   N/A | 100.0 |   5.2
               +-------+-------+-------+-------+-------+----------------------

Table legend: (Time is in decaauts)
 A = Elapsed time spent in this place.
 B = Non-inter-level travel time spent in this place.
 C = Inter-level travel time spent in this place.
 D = Time resting spent in this place.
 E = Time spent auto-exploring this place.
 F = Levels seen in this place.
 G = Mean time per level.
                   A        B        C        D        E       F      G
               +--------+--------+--------+--------+--------+-----+--------+
         Total |    970 |    968 |      2 |    723 |     91 |   4 |  242.5 |
       Dungeon |    970 |    968 |      2 |    723 |     91 |   4 |  242.5 |
               +--------+--------+--------+--------+--------+-----+--------+

Top non-repeatable levels by time:
     D:1: 447 daAuts
     D:3: 352 daAuts
     D:4: 138 daAuts
     D:2: 31 daAuts
